 Dungeon Crawl Stone Soup version 0.29.0-13-gc9e81de378 (webtiles) character file.

Game seed: 3407239319265242534

62618 iguanaiguana the Severer (level 14, -10/133 HPs)
             Began as a Minotaur Gladiator on Sept 7, 2022.
             Was a High Priest of Okawaru.
             Mangled by a lorocyproca (24 damage)
             ... on level 3 of the Abyss on Sept 8, 2022.
             The game lasted 00:32:11 (20417 turns).

iguanaiguana the Severer (Minotaur Gladiator)      Turns: 20417, Time: 00:32:11

Health: -10/133    AC: 27    Str: 22      XL:     14   Next: 65%
Magic:  9/16       EV:  8    Int: 17      God:    Okawaru [*****.]
Gold:   1615       SH:  5    Dex: 11 (12) Spells: 13/13 levels left

rFire   . . .      SeeInvis +   b - +6 battleaxe "Gixkaep" {freeze, *Slow Int+4 SInv}
rCold   . . .      Faith    .   (shield currently unavailable)
rNeg    . . .      Spirit   .   B - +1 plate armour of Peek-a-Boo {rCorr Int+4}
rPois   +          Reflect  +   w - +2 hat {Stlth+}
rElec   .          Harm     .   H - +2 cloak
rCorr   +          Rampage  .   K - +0 pair of gloves of Wookk {rCorr}
Will    ++...                   G - +2 pair of boots
Stlth   ..........              r - amulet of reflection
HPRegen 0.00/turn               F - ring of poison resistance
MPRegen 0.15/turn               X - ring of willpower

@: about to teleport, inhibited regen, hasted, studying Shields, very quick
A: horns 2, retaliatory headbutt, iridescent scales 1, clever 1, deterioration
1, [low MP 2], [inhibited regeneration]
a: Renounce Religion, Heroism, Finesse, Duel


You were on level 3 of the Abyss.
You worshipped Okawaru.
Okawaru was extremely pleased with you.
You visited 2 branches of the dungeon, and saw 16 of its levels.
You visited the Abyss 1 time.
You also visited: Sewer, Ossuary and Bailey.

You collected 1615 gold pieces.

Inventory:

Hand Weapons
 a - a +3 morningstar
 b - the +6 battleaxe "Gixkaep" (weapon) {freeze, *Slow Int+4 SInv}
   (Okawaru gifted it to you on level 3 of the Lair of Beasts)

   It freezes those it strikes, dealing additional cold damage.
   It can also slow down cold-blooded creatures.
   Int:       It affects your intelligence (+4).
   SInv:      It lets you see invisible.
   *Slow:     It may slow you when you take damage.
 z - a +0 executioner's axe of freezing
Missiles
 d - 6 throwing nets
 e - 11 javelins
 J - 5 boomerangs (quivered)
 L - 29 poisoned darts
 Q - a boomerang of dispersal
 Z - 5 curare-tipped darts
Armour
 w - a +2 hat of stealth (worn)
 B - the +1 plate armour of Peek-a-Boo (worn) {rCorr Int+4}
   (You found it on level 5 of the Dungeon)

   Int:       It affects your intelligence (+4).
   rCorr:     It protects you from acid and corrosion.
 G - a +2 pair of boots (worn)
 H - a +2 cloak (worn)
 K - the +0 pair of gloves of Wookk (worn) {rCorr}
   (Okawaru gifted it to you on level 9 of the Dungeon)

   rCorr:     It protects you from acid and corrosion.
Jewellery
 k - a ring of protection from fire
 p - the ring of Zacaenwaso {rF+ rCorr MP+9 Str+2}
   (You found it on level 3 of the Dungeon)

   [ring of magical power]

   Str:       It affects your strength (+2).
   rF:        It protects you from fire.
   MP:        It affects your magic capacity (+9).
   rCorr:     It protects you from acid and corrosion.
 r - an amulet of reflection (around neck)
 A - a +6 ring of strength
 F - a ring of poison resistance (left hand)
 W - a ring of protection from cold
 X - a ring of willpower (right hand)
 Y - a ring of flight
Wands
 f - a wand of flame (24)
 D - a wand of roots (5)
 I - a wand of polymorph (13)
Scrolls
 c - a scroll of magic mapping {@r5}
 g - 4 scrolls of vulnerability
 i - 2 scrolls of teleportation {@r3}
 o - 3 scrolls of immolation
 s - 3 scrolls of fog
 t - 5 scrolls of torment
 T - 2 scrolls of enchant armour
 U - 5 scrolls of enchant weapon
 V - 5 scrolls of noise
Potions
 h - a potion of berserk rage
 j - 3 potions of attraction
 m - a potion of haste {@q4}
 n - 3 potions of might {@q3}
 q - 3 potions of degeneration
 u - 3 potions of brilliance
 x - 4 potions of lignification
 E - 2 potions of mutation
 M - 2 potions of flight
 O - 2 potions of magic
 P - 3 potions of resistance {@q5}
 R - a potion of cancellation {unknown}
 S - a potion of heal wounds {unknown}
Miscellaneous
 y - a lightning rod (4/4)


   Skills:
 + Level 14.3 Fighting
 - Level 18.0 Axes
 * Level 9.4 Throwing
 + Level 9.5 Armour
 - Level 5.1 Dodging
 - Level 6.0 Shields
 * Level 10.9 Invocations
 * Level 3.8 Evocations


You had 13 spell levels left.
You didn't know any spells.
Your spell library contained the following spells:

 Spells                   Type           Power      Damage    Failure   Level
 Portal Projectile        Hex/Tloc       0%         N/A       100%        3
 Blade Hands              Tmut           0%         N/A       100%        5
 Tukima's Dance           Hex            Unusable   N/A       N/A         3

Dungeon Overview and Level Annotations

Branches:
Dungeon (11/15) Zot: 24963  Temple (0/1) D:7            Lair (5/5) D:9 Zot: 22649
  Swamp (0/4) Lair:2       Spider (0/4) Lair:2        Slime (0/5) Lair:4
  Sewer (visited)         Ossuary (visited)          Bailey (visited)
    Orc: D:9-12

Altars:
Cheibriados
Elyvilon
Hepliaklqana
Makhleb
Okawaru
Qazlal
Wu Jian
Jiyva

Annotations:
D:3 Sigmund


Innate Abilities, Weirdness & Mutations

You have a pair of horns on your head.
You reflexively headbutt those who attack you in melee.
You are partially covered in iridescent scales. (AC +2)
Your mind is acute. (Int +4, Str/Dex -1)
Your body sometimes deteriorates upon taking damage.
[Your magical capacity is very low. (-20% MP)]
[You do not regenerate when monsters are visible.]


Message History

The starcursed mass shrieks in your mind.
* * * LOW HITPOINT WARNING * * *
You feel better.
The wretched star pulses with an eldritch light!
Your regeneration stops near monsters.
You feel less energetic. x2
The death knight hits you with a +0 great sword.
* * * LOW HITPOINT WARNING * * *
The starcursed mass shrieks in your mind.
* * * LOW HITPOINT WARNING * * *
You feel better.
You are suddenly pulled into a different region of the Abyss!
Found a corrupted altar of Lugonu.
A lorocyproca comes into view.
A large abomination and a hellwing come into view.
The hellwing gives a chilling moan.
You hear a chilling moan.
A hellwing comes into view. x2
The hellwing gives a chilling moan.
Okay, then.
As you read the scroll of teleportation {@r3}, it crumbles to dust.
You feel strangely unstable.
You feel the power of the Abyss delaying your translocation!
You feel better.
You headbutt the lorocyproca, but do no damage.
You feel yourself speed up.
You slash the lorocyproca! You freeze the lorocyproca.
The lorocyproca is lightly wounded.
The lorocyproca hits you.
* * * LOW HITPOINT WARNING * * *
You feel your power leaking away.
You slice the lorocyproca!! You freeze the lorocyproca.
The lorocyproca is heavily wounded.
You hit the lorocyproca.
The lorocyproca is heavily wounded.
You slice the lorocyproca!! You freeze the lorocyproca.
The lorocyproca is almost dead.
You barely miss the lorocyproca.
You headbutt the lorocyproca, but do no damage.
The lorocyproca is almost dead.
The lorocyproca hits you!!
You die...

# #.## . .##.#. #
## ..#. # # .#...
#....# . #..#.
.....##... .##..
.... # .#.. #.#...
.. .. .#.#_#####
#....##.@# .
...#2..#2##...
.###..##..4....44.
#....... .4...
.......# # ...
.#.#####. .. ...
#. . #.. .. #. ..
..... .## .


You could see a lorocyproca (invisible) and a hellwing.

Vanquished Creatures
  A tentacled starspawn (Abyss:2)
  6 starcursed masses
  A boulder beetle (Lair:2)
  A spriggan zombie (Abyss:2)
  Erolcha (D:11)
  5 hydras
  A two-headed ogre (D:9)
  18 death yaks
  A thrashing horror (Abyss:2)
  A shadow demon (Abyss:2)
  2 orc knights (Bailey)
  A lindwurm (Lair:5)
  8 elephants
  An eye of devastation (Lair:4)
  2 black mambas
  11 cane toads
  2 smoke demons
  2 torpor snails
  6 rime drakes
  8 komodo dragons
  2 trolls (D:9)
  5 polar bears (Lair:4)
  2 hornets (D:9)
  7 blink frogs
  4 slime creatures
  3 large abominations (Abyss:2)
  A dream sheep (Lair:5)
  45 yaks
  A shadow (D:11)
  A centaur simulacrum (D:10)
  2 ynoxinuls (Abyss:2)
  3 wyverns
  4 basilisks
  A chaos spawn (Abyss:2)
  3 redbacks (Lair:2)
  A neqoxec (Abyss:2)
  3 wargs (D:9)
  3 swamp worms (Lair:2)
  2 acid dragons
  15 water moccasins
  A floating eye (Lair:4)
  4 orc warriors (Bailey)
  Pargi (Sewer)
  2 ice beasts
  2 sky beasts
  25 wolves
  4 centaurs
  2 phantoms (D:5)
  3 kobold brigands
  12 bullfrogs
  A gnoll sergeant (D:5)
  A necrophage (D:5)
  4 scorpions
  8 water moccasin zombies (Ossuary)
  7 wights
  5 killer bees (D:7)
  3 hounds
  9 orc priests
  Crazy Yiuf (D:3)
  Jessica (D:3)
  6 iguanas
  Terence (D:2)
  7 hell rats (Lair:1)
  13 orc wizards
  2 mummies (Ossuary)
  5 gnolls
  7 adders
  A white imp (D:6)
  An ufetubus (D:5)
  3 worm zombies (D:5)
  A worm (D:3)
  3 dart slugs (D:2)
  53 orcs
  8 ball pythons
  11 endoplasms
  4 giant cockroaches
  3 gnoll zombies (Ossuary)
  3 goblins
  10 hobgoblins
  3 jackals
  4 quokkas
  6 bats
  2 frilled lizards
  3 hobgoblin zombies (Ossuary)
  22 kobolds
  7 kobold zombies (Ossuary)
  5 orc zombies (Ossuary)
  6 rats
  A bush (Lair:4)
  2 starspawn tentacles (Abyss:2)
486 creatures vanquished.

Vanquished Creatures (others)
  A kobold brigand (D:8)
  2 demonic plants (D:11)
  30 fungi
  32 plants
  5 starspawn tentacles (Abyss:2)
70 creatures vanquished.

Grand Total: 556 creatures vanquished

Notes
Turn   | Place    | Note
-------+----------+-------------------------------------------
     0 | D:1      | iguanaiguana the Minotaur Gladiator began the quest for the
                  | Orb.
     0 | D:1      | Reached XP level 1. HP: 18/18 MP: 0/0
   164 | D:1      | Reached XP level 2. HP: 25/25 MP: 1/1
   354 | D:1      | Reached skill level 4 in Axes
   968 | D:2      | Noticed Terence
   976 | D:2      | Killed Terence
   977 | D:2      | Reached XP level 3. HP: 8/31 MP: 2/2
  1224 | D:2      | Reached XP level 4. HP: 32/38 MP: 3/3
  2074 | D:3      | Identified the ring of Zacaenwaso {rF+ rCorr MP+9 Str+2}
  2307 | D:3      | Noticed Sigmund
  2474 | D:4      | Reached XP level 5. HP: 46/46 MP: 4/4
  2771 | D:4      | Reached skill level 5 in Axes
  3242 | D:4      | Found an iron altar of Okawaru.
  3497 | D:4      | Became a worshipper of Warmaster Okawaru
  3662 | D:5      | Entered Level 5 of the Dungeon
  3798 | D:5      | Noticed a phantom
  3809 | D:5      | Killed a phantom
  3810 | D:5      | Reached XP level 6. HP: 47/53 MP: 5/5
  3871 | D:5      | Noticed an ice beast
  3871 | D:5      | Found a sand-covered staircase.
  3878 | D:4      | Killed an ice beast
  3897 | Ossuary  | Entered an ossuary
  3916 | Ossuary  | Reached skill level 6 in Axes
  3916 | Ossuary  | Reached skill level 5 in Dodging
  3929 | Ossuary  | Reached * piety under Okawaru
  3930 | Ossuary  | Reached XP level 7. HP: 50/60 MP: 6/6
  3993 | Ossuary  | Reached skill level 5 in Fighting
  4025 | Ossuary  | Reached skill level 1 in Armour
  4025 | Ossuary  | Reached skill level 1 in Invocations
  4239 | Ossuary  | Reached ** piety under Okawaru
  4667 | D:5      | Reached XP level 8. HP: 69/69 MP: 8/8
  4752 | D:5      | Reached skill level 7 in Axes
  5405 | D:5      | Identified the +1 plate armour of Peek-a-Boo {rCorr Int+4}
  5585 | D:6      | Found a white marble altar of Elyvilon.
  5685 | D:6      | Reached skill level 5 in Shields
  5736 | D:6      | Found a glowing drain.
  5745 | Sewer    | Entered a sewer
  5796 | Sewer    | Noticed Pargi
  5802 | Sewer    | Killed Pargi
  6126 | D:6      | Reached *** piety under Okawaru
  6294 | D:6      | Found a stormy altar of Qazlal.
  6558 | D:3      | Found a snail-covered altar of Cheibriados.
  6686 | D:3      | Noticed Jessica
  6690 | D:3      | Killed Jessica
  6732 | D:3      | Found a runed translucent door.
  6733 | D:3      | Noticed Crazy Yiuf
  6741 | D:3      | Killed Crazy Yiuf
  6742 | D:3      | Reached XP level 9. HP: 69/75 MP: 10/10
  6934 | D:7      | Reached skill level 8 in Axes
  6934 | D:7      | Reached skill level 5 in Throwing
  7003 | D:7      | Found a staircase to the Ecumenical Temple.
  7100 | D:7      | Found a burning altar of Makhleb.
  7761 | D:7      | Reached **** piety under Okawaru
  7835 | D:7      | Reached skill level 5 in Invocations
  7836 | D:7      | Reached skill level 9 in Axes
  7836 | D:7      | Reached skill level 5 in Armour
  8041 | D:7      | Found a staircase to the Ecumenical Temple.
  8057 | D:7      | Found a burning altar of Makhleb.
  8175 | D:7      | Reached ***** piety under Okawaru
  8176 | D:7      | Reached XP level 10. HP: 86/86 MP: 13/13
  8707 | D:8      | Received a gift from Okawaru
  8734 | D:8      | Reached skill level 10 in Axes
  9438 | D:8      | You fall into a shaft and drop 3 floors!
  9461 | D:11     | Noticed a wizard
  9579 | D:11     | Noticed Erolcha
  9595 | D:11     | Killed Erolcha
  9643 | D:10     | Entered Level 10 of the Dungeon
  9652 | D:10     | Found a hazy altar of Hepliaklqana.
  9912 | D:9      | Found an ornate altar of the Wu Jian Council.
  9937 | D:9      | Found a flagged portal.
 10009 | Bailey   | Entered a bailey
 10271 | Bailey   | Reached XP level 11. HP: 106/106 MP: 15/15
 10274 | Bailey   | Noticed an orc knight
 10284 | Bailey   | Killed an orc knight
 10284 | Bailey   | Received a gift from Okawaru
 10285 | Bailey   | Reached skill level 11 in Axes
 10285 | Bailey   | Reached XP level 12. HP: 105/113 MP: 16/16
 10740 | D:9      | Paralysed by a hornet for 3 turns
 10949 | D:9      | Noticed a two-headed ogre
 10957 | D:9      | Killed a two-headed ogre
 10957 | D:9      | Identified the +0 pair of gloves of Wookk {rCorr} (Okawaru
                  | gifted it to you on level 9 of the Dungeon)
 10957 | D:9      | Received a gift from Okawaru
 11264 | D:9      | Found a staircase to the Lair.
 11887 | D:9      | Identified the +6 hand axe of Defenestration {vorpal,
                  | Fragile rPois Will- rCorr SInv}
 12064 | Lair:1   | Entered Level 1 of the Lair of Beasts
 12109 | Lair:1   | Reached skill level 12 in Axes
 12206 | Lair:1   | Gained mutation: You have sharp toenails. [potion of
                  | mutation]
 12206 | Lair:1   | Gained mutation: You have hidden genetic defects. [potion
                  | of mutation]
 12206 | Lair:1   | Gained mutation: You are partially covered in iridescent
                  | scales. (AC +2) [potion of mutation]
 12328 | Lair:1   | Noticed a death yak
 12328 | Lair:1   | Noticed a death yak
 12340 | Lair:1   | Noticed a death yak
 12343 | Lair:1   | Noticed a death yak
 12344 | Lair:1   | Killed a death yak
 12346 | Lair:1   | Killed a death yak
 12346 | Lair:1   | Noticed a death yak
 12347 | Lair:1   | Noticed a death yak
 12349 | Lair:1   | Killed a death yak
 12357 | Lair:1   | Killed a death yak
 12363 | Lair:1   | Killed a death yak
 12378 | Lair:1   | Killed a death yak
 12390 | Lair:1   | Gained mutation: You have terrible hidden genetic defects.
                  | [hidden defects]
 13585 | Lair:2   | Noticed Sonja
 13586 | Lair:2   | Noticed Sonja
 13586 | Lair:2   | Sonja changed into Sonja the centaur
 13597 | Lair:2   | Killed Sonja the centaur
 13598 | Lair:2   | Noticed a boulder beetle
 13664 | Lair:2   | Killed a boulder beetle
 13937 | Lair:2   | Found a hole to the Spider Nest.
 13975 | Lair:2   | Reached skill level 13 in Axes
 13991 | Lair:2   | Received a gift from Okawaru
 13992 | Lair:2   | Reached XP level 13. HP: 123/123 MP: 19/19
 14010 | Lair:2   | Gained mutation: Armour fits poorly on your strangely
                  | shaped body. [hidden defects]
 14010 | Lair:2   | Lost mutation: You have terrible hidden genetic defects.
                  | [hidden defects expressed]
 14162 | Lair:2   | Lost mutation: Armour fits poorly on your strangely shaped
                  | body. [potion of mutation]
 14162 | Lair:2   | Lost mutation: You have hidden genetic defects. [potion of
                  | mutation]
 14162 | Lair:2   | Lost mutation: You have sharp toenails. [potion of
                  | mutation]
 14162 | Lair:2   | Gained mutation: Your body sometimes deteriorates upon
                  | taking damage. [potion of mutation]
 14162 | Lair:2   | Gained mutation: Your mind is acute. (Int +4, Str/Dex -1)
                  | [potion of mutation]
 15018 | Lair:2   | Identified the +5 battleaxe of the Shrike {vorpal, *Corrode
                  | Fly rElec Dex+4} (Okawaru gifted it to you on level 2 of
                  | the Lair of Beasts)
 15018 | Lair:2   | Received a gift from Okawaru
 15572 | Lair:2   | Reached skill level 14 in Axes
 15641 | Lair:2   | Found a staircase to the Swamp.
 16296 | Lair:3   | Reached skill level 15 in Axes
 16955 | Lair:4   | Received a gift from Okawaru
 17384 | Lair:3   | Reached skill level 16 in Axes
 17416 | Lair:3   | Identified the +6 battleaxe "Gixkaep" {freeze, *Slow Int+4
                  | SInv} (Okawaru gifted it to you on level 3 of the Lair of
                  | Beasts)
 17416 | Lair:3   | Received a gift from Okawaru
 17643 | Lair:4   | Found a staircase to the Slime Pits.
 17643 | Lair:4   | Found a viscous altar of Jiyva.
 17648 | Lair:4   | Paralysed by a floating eye for 4 turns
 17953 | Lair:4   | Reached skill level 17 in Axes
 18408 | Lair:5   | Entered Level 5 of the Lair of Beasts
 18430 | Lair:5   | Received a gift from Okawaru
 18440 | Lair:4   | Reached XP level 14. HP: 83/130 MP: 20/20
 18913 | Lair:5   | Reached skill level 18 in Axes
 18914 | Lair:5   | Reached skill level 10 in Invocations
 18922 | Lair:5   | Reached skill level 1 in Evocations
 19103 | Lair:5   | Received a gift from Okawaru
 19376 | Lair:5   | Identified the +3 ring mail of the New World {Str+3}
                  | (Okawaru gifted it to you on level 5 of the Lair of Beasts)
 19376 | Lair:5   | Received a gift from Okawaru
 19379 | Lair:5   | Identified 2 scrolls of acquirement
 19381 | Lair:5   | Acquired 442 gold pieces
 19383 | Lair:5   | Acquired a manual of Shields
 19431 | Lair:5   | Reached ****** piety under Okawaru
 19768 | Abyss:2  | Cast into level 2 of the Abyss (a wizard)
 19813 | Abyss:2  | Noticed a starcursed mass
 19822 | Abyss:2  | Killed a starcursed mass
 19954 | Abyss:2  | Noticed a tentacled starspawn
 19996 | Abyss:2  | Killed a tentacled starspawn
 20225 | Abyss:2  | Noticed a daeva
 20246 | Abyss:3  | Noticed a deep elf elementalist
 20369 | Abyss:3  | Noticed a starcursed mass
 20397 | Abyss:3  | HP: 4/133 [starcursed mass/accursed screaming (5)]
 20401 | Abyss:3  | Found a corrupted altar of Lugonu.
 20417 | Abyss:3  | Mangled by a lorocyproca

Illustrated notes

Levels and vault maps discovered:
D:1:      matt_arrival_los_fun, layout_rooms
D:2:      layout_loops_ring, st_stairs_4, uniq_terence
D:3:      minmay_door_path, layout_rooms, overflow_temple_1_default,
          uniq_jessica, uniq_crazy_yiuf_cottage, uniq_sigmund
D:4:      layout_loops_ring, old_standard_altar, roderic_lattice_a
D:5:      nicolae_cairo_tiling_very_big, layout_loops_cross, enter_ossuary_3
D:6:      layout_cave_pools, mainiacjoe_overflow_boulevard, elyvilon_altar_1,
          portal_sewer_entry_d, chequers_serial_rivers_small_3, minivault_23
D:7:      layout_gridville, lemuel_crystal_altar, temple_fountains
D:8:      layout_basic, minivault_21
D:9:      layout_irregular_city, mainiacjoe_overflow_paths,
          erik_lair_orcish_takeover, enter_bailey_2
D:10:     layout_basic, mainiacjoe_overflow_large_starburst,
          gammafunk_temple_overflow_claw, serial_shops, shop, enter_trove_1,
          serial_ice, serial_ice_e, serial_ice_b, serial_ice_i, serial_ice_h
D:11:     kennysheep_kobold_lugonu_temple, layout_long_grid, uniq_erolcha
Lair:1:   layout_layer_cave, infiniplex_staircase_pool, grunt_megastairs_5,
          lemuel_fruit_tree
Lair:2:   layout_chaotic_city, palyth_hydra_swamp_entry, spider_nest_entry_webs,
          uniq_sonja
Lair:3:   statuecave_lemuel, layout_cave_pods, st_stairs_7
Lair:4:   layout_misc_corridors, minmay_slime_entry_eyes,
          portal_ice_cave_entry_pillars_2, cheibrodos_lair_lostbears
Lair:5:   evil_forest, layout_gridlike
Abyss:3:  base:
Temple

Skill      XL: |  1  2  3  4  5  6  7  8  9 10 11 12 13 14 |
---------------+-------------------------------------------+-----
Axes           | 4 5 6 7 9 10 11 13 17 18 | 18.0
Fighting       | 3 4 5 7 12 13 14 | 14.3
Dodging        | 4 5 |  5.1
Throwing       | 3 4 5 6 8 9 |  9.4
Armour         | 2 3 5 6 8 9 |  9.5
Invocations    | 2 3 5 7 9 10 | 10.9
Shields        | 6 |  6.0
Evocations     | 3 |  3.8

Action                   |  1- 3 |  4- 6 |  7- 9 | 10-12 | 13-15 || total
-------------------------+-------+-------+-------+-------+-------++-------
Melee: War axe           |    59 |   124 |   318 |   478 |    39 ||  1018
       Headbutt          |    10 |    23 |    54 |   119 |   122 ||   328
       Punch             |     1 |     2 |     2 |       |       ||     5
       Battleaxe         |       |       |       |       |   410 ||   410
       Hand axe          |       |       |       |       |    22 ||    22
       Morningstar       |       |       |       |       |    15 ||    15
Throw: Javelin           |       |     1 |       |     6 |     8 ||    15
       Throwing net      |       |     1 |       |       |       ||     1
       Boomerang         |       |       |       |     9 |    19 ||    28
       Dart              |       |       |       |     2 |     4 ||     6
Invok: Heroism           |       |       |     2 |     5 |     4 ||    11
       Finesse           |       |       |       |     6 |     4 ||    10
Evoke: Wand              |       |       |       |     5 |     5 ||    10
       Lightning rod     |       |       |       |       |     2 ||     2
  Use: Scroll            |       |       |    11 |    13 |    11 ||    35
       Potion            |       |       |     1 |     9 |    15 ||    25
 Stab: Distracted        |       |       |       |       |     1 ||     1
Armor: Leather armour    |     8 |       |       |       |       ||     8
       Chain mail        |    11 |    59 |    77 |       |       ||   147
       Plate armour      |       |       |    88 |   222 |   344 ||   654
Dodge: Dodged            |    50 |    55 |   128 |   132 |   169 ||   534
Block: Other             |       |    14 |    39 |       |    93 ||   146
       Buckler           |       |       |    88 |   253 |    27 ||   368
       Reflection        |       |       |       |     7 |     1 ||     8
